Map: Ascension to Aiur LE

Players

dcfobreezy - Winner!

  • Race: Terran Terran
  • League: Gold
  • Spawn Location: 11:00

Yata

  • Race: Zerg Zerg
  • League: Bronze
  • Spawn Location: 5:00

VOD

Have the link to the VOD?

Description

Time

  • Played on: July 7, 2017, 9:32 p.m.
  • Length: 12:14
Show
View Real Time Build Order
Export as new Build Order

dcfobreezy Terran - Winner!

Build Orders:  

Get SALT Encoding   

  12  0:01  SCV  
  13  0:14  SCV  
  14  0:26  Supply Depot, SCV  
  15  0:46  Refinery  
  15  0:48  SCV  
  16  0:50  Barracks  
  16  1:00  SCV  
  16  1:04  Barracks  
  17  1:12  SCV  
  18  1:24  SCV  
  18  1:25  Barracks  
  19  1:31  Refinery  
  19  1:38  Reaper  
  21  1:40  SCV  
  21  1:54  Supply Depot  
  21  1:55  SCV  
  21  1:57  Reaper  
  23  2:11  Orbital Command  
  23  2:16  Reaper  
  23  2:17  Reaper  
  25  2:29  Reaper  
  26  2:33  Supply Depot  
  26  2:38  SCV  
  27  2:48  Reaper  
  27  2:49  Reaper  
  27  2:50  SCV  
  30  3:01  Reaper  
  30  3:02  SCV  
  32  3:18  Command Center  
  32  3:20  Reaper  
  32  3:21  Reaper  
  34  3:39  Reaper  
  35  3:52  Reaper  
  35  3:54  Reaper  
  35  4:20  Reaper  
  36  4:24  Reaper  
  36  4:26  Reaper  
  38  4:55  Factory  
  38  5:01  Orbital Command  
  38  5:05  Barracks Reactor, Barracks Tech Lab  
  36  5:08  Barracks Reactor  
  36  5:10  SCV  
  36  5:25  Command Center  
  32  5:46  Marine x4  
  36  5:53  Orbital Command  
  33  6:25  Marine x4  
  36  6:31  Factory Reactor  
  36  6:32  Starport  
  37  6:34  SCV x2  
  40  6:41  Supply Depot  
  40  6:46  SCV  
  41  6:47  SCV  
  41  6:49  Orbital Command  
  41  6:53  Marine  
  42  6:57  Marine  
  42  7:00  Stimpack  
  42  7:01  Marine x2  
  44  7:04  Marauder  
  44  7:06  SCV  
  44  7:07  SCV  
  49  7:13  Supply Depot  
  49  7:15  Supply Depot  
  49  7:16  Supply Depot  
  49  7:18  Supply Depot, SCV  
  49  7:19  SCV  
  48  7:26  Marauder  
  48  7:29  SCV  
  51  7:30  SCV  
  51  7:31  SCV  
  51  7:32  Factory Tech Lab  
  51  7:37  Supply Depot, Medivac x2  
  55  7:39  Marine  
  55  7:40  Supply Depot, Marine x3  
  61  7:47  Marauder  
  61  7:49  Barracks  
  61  7:50  Barracks  
  63  7:55  Supply Depot  
  63  7:57  Marine x2  
  65  8:00  Refinery  
  65  8:01  SCV  
  65  8:02  Refinery, SCV x2  
  68  8:07  Marine x2  
  68  8:08  Medivac x2  
  68  8:09  Marauder  
  68  8:12  Siege Tank  
  79  8:13  SCV  
  79  8:14  SCV x2  
  79  8:15  Marine  
  83  8:26  SCV x3  
  86  8:30  Marauder  
  88  8:38  SCV x3  
  85  8:50  SCV  
  86  9:00  Combat Shields  
  86  9:03  Marine x2  
  86  9:04  Marine x2, Marauder  
  86  9:06  Siege Tank  
  95  9:10  Medivac x2  
  99  9:19  Engineering Bay  
  99  9:21  Marine x2, Engineering Bay  
  99  9:22  Marine  
  102  9:26  Supply Depot, Marauder  
  104  9:44  Marine x4  
  101  9:47  Barracks Reactor x2  
  101  9:51  Marine  
  102  10:01  Marine  
  102  10:02  Marine  
  101  10:19  Marine  
  101  10:20  Marine x3  
  101  10:22  Siege Tank  
  101  10:23  Medivac x2  
  106  10:33  Marine x3  
  106  10:34  Marine, Marauder  
  112  10:36  Orbital Command  
  112  10:37  Marine x2  
  114  10:53  Medivac  
  114  10:54  Siege Tank  
  114  10:56  Marauder  
  120  11:17  Marauder  
  117  11:20  Marine  
  117  11:21  Marine  
  117  11:23  Marine x6  
  118  11:38  Marine x2  
  118  11:39  Marauder  
  119  11:41  Marine x6  
  117  11:56  Marine  
Show
View Real Time Build Order
Export as new Build Order

Yata Zerg 

Build Orders: Hatch First 

Get SALT Encoding   

  12  0:01  Drone  
  13  0:12  Overlord  
  13  0:17  Drone  
  14  0:31  Drone x2  
  14  0:34  Drone  
  17  0:53  Hatchery  
  17  0:56  Drone  
  17  1:00  Drone  
  18  1:08  Extractor  
  17  1:18  Spawning Pool  
  17  1:20  Drone  
  17  1:23  Drone  
  18  1:31  Drone  
  19  1:49  Overlord  
  19  2:00  Drone  
  20  2:05  Queen  
  20  2:06  Queen  
  24  2:10  Drone  
  24  2:14  Metabolic Boost  
  25  2:18  Drone  
  25  2:19  Drone  
  27  2:34  Zergling x4  
  29  2:40  Drone x2  
  31  2:55  Roach Warren  
  30  2:58  Evolution Chamber  
  30  3:00  Pneumatized Carapace  
  29  3:16  Zergling x14  
  34  3:38  Drone x2  
  34  3:39  Drone  
  36  3:46  Zergling x2  
  35  3:50  Overlord x4  
  35  3:56  Queen  
  35  4:01  Zergling x2  
  35  4:06  Zergling x2  
  32  4:18  Queen  
  32  4:20  Roach x4  
  39  4:29  Roach  
  32  4:48  Drone  
  32  4:49  Drone x3  
  36  5:08  Roach  
  36  5:09  Roach x3  
  44  5:14  Zerg Missile Weapons Level 1  
  44  5:25  Extractor  
  34  5:43  Roach  
  34  5:44  Roach x5  
  42  5:53  Queen  
  33  6:07  Spine Crawler  
  30  6:15  Roach x3  
  34  6:34  Queen  
  34  6:38  Spine Crawler  
  35  6:42  Spine Crawler  
  34  6:48  Drone  
  34  6:49  Drone x7  
  44  7:01  Roach  
  44  7:02  Roach  
  44  7:07  Roach  
  46  7:21  Roach x3  
  52  7:40  Roach x3  
  52  7:43  Overlord x2  
  58  8:15  Roach  
  58  8:16  Roach x3  
  48  8:51  Roach x4  
  50  8:58  Hatchery  
  49  9:13  Roach x2  
  49  9:14  Roach  
  55  9:44  Roach  
  55  9:45  Roach x2  
  33  9:55  Zergling x2  
  33  9:56  Zergling x18  
  43  10:04  Zergling x6  
  30  10:21  Roach  
  30  10:22  Zergling x10  
  32  10:37  Queen  
  32  10:39  Zergling x2  
  32  10:40  Zergling x4  
  35  11:01  Zergling x2  
  35  11:02  Zergling x14  
  28  11:31  Zergling x6  
  28  11:32  Zergling x14  
  30  11:39  Zergling x2  
Tags
 
Matchup
TvZ
Replay Pack
Pack 1
Spawn Locations
Cross Positions
Add a new tag
Caveats
  • Supply blocks, unpowered buildings, or Contaminate may cause inaccurate times.
  • Supply counts are checked every 10 seconds.